[Event "SVK ECo-C Extraliga 2021-22"]
[Site "Slovakia"]
[Date "2022.02.19"]
[Round "3.8"]
[White "Petran, Peter"]
[Black "Kovacik, Emil"]
[Result "1/2-1/2"]
[ECO "B08"]
[WhiteElo "2240"]
[BlackElo "2039"]
[Annotator "ChessBase"]
[PlyCount "59"]
[EventDate "2021.10.21"]
[EventType "team-tourn"]
[EventCountry "SVK"]
[SourceTitle "playchess.com"]
[Source "ChessBase"]
[SourceQuality "1"]
[TimeControl "40/5400+30:1800+30"]

1. e4 g6 2. d4 Bg7 3. Nc3 d6 4. Nf3 Nf6 5. Bc4 O-O 6. O-O Bg4 7. h3 Bxf3 8. Qxf3 Nc6 9. Be3 e5 10. d5 Ne7 11. Bg5 Nd7 12. Bb5 f6 13. Bxd7 Qxd7 14. Bd2 f5 15. Qd3 a6 16. f3 f4 17. Ne2 g5 18. c4 h5 19. Kf2 Bf6 20. Rh1 Ng6 21. b4 Be7 22. Rac1 b6 23. Be1 Rf7 24. Kf1 Bf8 25. Qa3 Rh7 26. Bf2 a5 27. c5 dxc5 28. bxc5 b5 29. Qb3 b4 30. a3 1/2-1/2

[Event "SVK ECo-C Extraliga 2021-22"]
[Site "Slovakia"]
[Date "2022.02.19"]
[Round "3.8"]
[White "Diviak, Rastislav"]
[Black "Zambor, Norbert"]
[Result "0-1"]
[ECO "B33"]
[WhiteElo "2017"]
[BlackElo "2279"]
[Annotator "ChessBase"]
[PlyCount "78"]
[EventDate "2021.10.21"]
[EventType "team-tourn"]
[EventCountry "SVK"]
[SourceTitle "playchess.com"]
[Source "ChessBase"]
[SourceQuality "1"]
[TimeControl "40/5400+30:1800+30"]

1. e4 c5 2. Nf3 Nc6 3. d4 cxd4 4. Nxd4 Nf6 5. Nc3 e5 6. Ndb5 d6 7. Bg5 a6 8. Na3 b5 9. Bxf6 gxf6 10. Nd5 Bg7 11. c3 Ne7 12. Nc2 O-O 13. Nce3 Nxd5 14. Nxd5 f5 15. exf5 Bxf5 16. Bd3 Be6 17. Bc2 Rb8 18. O-O a5 19. Qd2 f5 20. Rad1 Kh8 21. Bb3 Qd7 22. Qg5 a4 23. Bc2 Qf7 24. Nb4 d5 25. Rfe1 Bf6 26. Qd2 Rg8 27. Nc6 Rbc8 28. Nxe5 Qg7 29. f4 d4 30. cxd4 Bd5 31. g3 Bh4 32. Re3 Qh6 33. Rf1 Bxg3 34. Nf7+ Bxf7 35. Rxg3 Rxg3+ 36. hxg3 Bd5 37. Bxf5 Qh1+ 38. Kf2 Qf3+ 39. Ke1 Re8+ 0-1

[Event "SVK ECo-C Extraliga 2021-22"]
[Site "Slovakia"]
[Date "2022.02.19"]
[Round "3.8"]
[White "Stauder Matej"]
[Black "Farkas Gabor"]
[Result "0-1"]
[ECO "B48"]
[WhiteElo "2015"]
[BlackElo "2337"]
[Annotator "ChessBase"]
[PlyCount "110"]
[EventDate "2021.10.21"]
[EventType "team-tourn"]
[EventCountry "SVK"]
[SourceTitle "playchess.com"]
[Source "ChessBase"]
[SourceQuality "1"]
[TimeControl "40/5400+30:1800+30"]

1. e4 c5 2. Nf3 e6 3. d4 cxd4 4. Nxd4 Nc6 5. Nc3 Qc7 6. Be3 a6 7. Qd2 Nf6 8. f3 Bb4 9. a3 Be7 10. g4 d6 11. h4 b5 12. h5 h6 13. O-O-O Bb7 14. Nxc6 Qxc6 15. Qd4 Rc8 16. Rh2 Qc7 17. g5 hxg5 18. h6 Rxh6 19. Rg2 Rg6 20. Bxg5 d5 21. e5 Ng8 22. f4 Bxa3 23. bxa3 Qxc3 24. Qxc3 Rxc3 25. Bd3 Rxd3 26. cxd3 f6 27. Rc2 fxg5 28. Rc7 gxf4 29. Rf1 Rg4 30. Rxb7 Ne7 31. Rb6 Kf7 32. Rxa6 g5 33. Rb6 Nf5 34. Rxb5 Rg3 35. Rb7+ Kg6 36. Kd2 Rg2+ 37. Kc3 d4+ 38. Kb3 Ne3 39. Rf3 Kf5 40. Rh7 Kxe5 41. a4 Rd2 42. a5 Rxd3+ 43. Ka2 Rd2+ 44. Kb3 g4 45. a6 Rd3+ 46. Ka2 gxf3 47. a7 Nc4 48. Rh5+ Kf6 49. a8=Q Ra3+ 50. Qxa3 Nxa3 51. Kxa3 e5 52. Kb3 f2 53. Rh1 e4 54. Kc4 e3 55. Kd3 f3 0-1

[Event "SVK ECo-C Extraliga 2021-22"]
[Site "Slovakia"]
[Date "2022.02.19"]
[Round "3.8"]
[White "Steiniger, Florian"]
[Black "Gulbis, Adrian"]
[Result "0-1"]
[ECO "C50"]
[WhiteElo "2006"]
[BlackElo "2093"]
[Annotator "ChessBase"]
[PlyCount "112"]
[EventDate "2021.10.21"]
[EventType "team-tourn"]
[EventCountry "SVK"]
[SourceTitle "playchess.com"]
[Source "ChessBase"]
[SourceQuality "1"]
[TimeControl "40/5400+30:1800+30"]

1. e4 e5 2. Nf3 Nc6 3. Bc4 Bc5 4. d3 d6 5. c3 Qe7 6. Bb3 Nf6 7. Nbd2 Bg4 8. h3 Be6 9. Nf1 O-O-O 10. Qe2 d5 11. Bd2 d4 12. Ng3 Bxb3 13. axb3 dxc3 14. bxc3 g6 15. b4 Bb6 16. O-O h6 17. Rfb1 h5 18. b5 Nb8 19. Bg5 Nbd7 20. d4 Rde8 21. Re1 Qd6 22. Qc4 Nh7 23. Rad1 exd4 24. cxd4 Nxg5 25. Nxg5 Qf4 26. h4 Ne5 27. Qb3 Qxh4 28. Nxf7 Ng4 29. Nxh8 Rxh8 30. Re2 Rf8 31. Qa3 Rf4 32. Qb3 Rf8 33. Qe6+ Kb8 34. Qxg6 Qh2+ 35. Kf1 Qxg3 36. Ke1 Ba5+ 37. Rdd2 Bxd2+ 38. Kxd2 Qf4+ 39. Kc2 Nxf2 40. Qxh5 Qf6 41. Qc5 b6 42. Qb4 Rg8 43. Qd2 Ng4 44. Qd3 Qf1 45. e5 Qa1 46. Qc4 Rd8 47. Kd3 Qb1+ 48. Kd2 Qb2+ 49. Kd3 Qb1+ 50. Kd2 Qf5 51. e6 Ne5 52. Qc3 Qg5+ 53. Ke1 Qh4+ 54. g3 Qh1+ 55. Kd2 Rxd4+ 56. Qxd4 Nf3+ 0-1

[Event "SVK ECo-C Extraliga 2021-22"]
[Site "Slovakia"]
[Date "2022.02.20"]
[Round "4"]
[White "Karas, Marek"]
[Black "Turcan, Martin"]
[Result "*"]
[WhiteElo "2285"]
[BlackElo "2019"]
[Annotator "ChessBase"]
[PlyCount "21"]
[EventDate "2021.10.21"]
[EventType "team-tourn"]
[EventCountry "SVK"]
[SourceTitle "playchess.com"]
[Source "ChessBase"]
[SourceQuality "1"]
[TimeControl "40/5400+30:1800+30"]

1. d4 Nf6 2. Nf3 c5 3. d5 b5 4. Bg5 d6 5. Bxf6 exf6 6. e4 Qb6 7. Nbd2 Bd7 8. a4 Be7 9. axb5 Bxb5 10. Bxb5+ Qxb5 11. b3 *

[Event "SVK ECo-C Extraliga 2021-22"]
[Site "Slovakia"]
[Date "2022.02.20"]
[Round "4.2"]
[White "Nemeth Miklos"]
[Black "Lewtak Damian"]
[Result "1/2-1/2"]
[ECO "B53"]
[WhiteElo "2449"]
[BlackElo "2386"]
[Annotator "RC"]
[PlyCount "28"]
[EventDate "2021.10.21"]
[EventType "team-tourn"]
[EventCountry "SVK"]
[SourceTitle "playchess.com"]
[Source "ChessBase"]
[SourceQuality "1"]
[TimeControl "40/5400+30:1800+30"]

1. e4 c5 2. Nf3 d6 3. d4 cxd4 4. Qxd4 Nf6 5. Nc3 Nc6 6. Bb5 Bd7 7. Bxc6 Bxc6 8. Bg5 e6 9. O-O-O Be7 10. Qd3 Qa5 11. h4 h6 12. Bd2 Qa6 13. Qxa6 bxa6 14. Rde1 e5 1/2-1/2

[Event "SVK ECo-C Extraliga 2021-22"]
[Site "Slovakia"]
[Date "2022.02.20"]
[Round "4.3"]
[White "Motuz Karol"]
[Black "Bokros Albert"]
[Result "0-1"]
[ECO "E39"]
[WhiteElo "2315"]
[BlackElo "2447"]
[Annotator "RC"]
[PlyCount "76"]
[EventDate "2021.10.21"]
[EventType "team-tourn"]
[EventCountry "SVK"]
[SourceTitle "playchess.com"]
[Source "ChessBase"]
[SourceQuality "1"]
[TimeControl "40/5400+30:1800+30"]

1. d4 Nf6 2. c4 e6 3. Nc3 Bb4 4. Qc2 c5 5. dxc5 Bxc5 6. Nf3 Nc6 7. Bg5 h6 8. Bh4 O-O 9. e3 Be7 10. Be2 b6 11. O-O Bb7 12. Rfd1 Rc8 13. Rd2 Na5 14. b3 d5 15. e4 Qe8 16. e5 Ne4 17. Nxe4 dxe4 18. Bxe7 Qxe7 19. Ne1 Qc5 20. Qc3 Nc6 21. Rd7 Rb8 22. Rad1 Qxe5 23. Qe3 f5 24. g3 Qf6 25. f4 Rfd8 26. c5 Nb4 27. cxb6 Nd5 28. R1xd5 Bxd5 29. bxa7 Ra8 30. Rc7 Rdc8 31. Rxc8+ Rxc8 32. Ba6 Ra8 33. Qb6 Qa1 34. Kf1 Qxa2 35. b4 e3 36. Nd3 Qg2+ 37. Ke1 Qd2+ 38. Kf1 e2+ 0-1

[Event "SVK ECo-C Extraliga 2021-22"]
[Site "Slovakia"]
[Date "2022.02.20"]
[Round "4.4"]
[White "Borhy Marcell"]
[Black "Vojtek Vladimir"]
[Result "1-0"]
[ECO "D06"]
[WhiteElo "2381"]
[BlackElo "2288"]
[Annotator "ChessBase"]
[PlyCount "71"]
[EventDate "2021.10.21"]
[EventType "team-tourn"]
[EventCountry "SVK"]
[SourceTitle "playchess.com"]
[Source "ChessBase"]
[SourceQuality "1"]
[TimeControl "40/5400+30:1800+30"]

1. Nf3 d5 2. d4 Bf5 3. c4 e6 4. Nc3 Nc6 5. cxd5 exd5 6. Bf4 Bd6 7. Bxd6 Qxd6 8. e3 Nf6 9. Be2 O-O 10. O-O Rfe8 11. Rc1 a6 12. Na4 Ne4 13. Nc5 Nd8 14. b4 a5 15. Qa4 Ne6 16. Nh4 N6xc5 17. bxc5 Qf6 18. Nxf5 Qxf5 19. Bd3 Qg5 20. Rc2 Re7 21. Rb1 c6 22. Bxe4 dxe4 23. Rcb2 h5 24. Rxb7 Re6 25. Rb8+ Rxb8 26. Rxb8+ Kh7 27. Qxa5 Rg6 28. g3 Qg4 29. Qe1 h4 30. Rb2 f5 31. Qe2 Qg5 32. a4 Rf6 33. a5 f4 34. exf4 Rxf4 35. Qe3 hxg3 36. hxg3 1-0

[Event "SVK ECo-C Extraliga 2021-22"]
[Site "Slovakia"]
[Date "2022.02.20"]
[Round "4.5"]
[White "Zvarik, Martin"]
[Black "Bures, Jaroslav"]
[Result "0-1"]
[ECO "A04"]
[WhiteElo "2233"]
[BlackElo "2411"]
[Annotator "ChessBase"]
[PlyCount "56"]
[EventDate "2021.10.21"]
[EventType "team-tourn"]
[EventCountry "SVK"]
[SourceTitle "playchess.com"]
[Source "ChessBase"]
[SourceQuality "1"]
[TimeControl "40/5400+30:1800+30"]

1. Nf3 c5 2. g3 Nc6 3. Bg2 e5 4. d3 d5 5. O-O Be7 6. c3 Nf6 7. Nbd2 O-O 8. e4 Be6 9. Re1 d4 10. Qc2 Nd7 11. a4 a6 12. h3 b5 13. Kh2 Qb6 14. c4 Nb4 15. Qb1 Rab8 16. b3 f5 17. axb5 axb5 18. exf5 Bxf5 19. Ne4 bxc4 20. bxc4 Qg6 21. Ra7 Nc6 22. Rb7 Rxb7 23. Qxb7 Nb4 24. g4 Bxe4 25. Rxe4 Qd6 26. Ne1 Rxf2 27. Kg1 Ra2 28. g5 Ra1 0-1

[Event "SVK ECo-C Extraliga 2021-22"]
[Site "Slovakia"]
[Date "2022.02.20"]
[Round "4.5"]
[White "Veres Andrej"]
[Black "Varga Zoltan"]
[Result "1/2-1/2"]
[ECO "D02"]
[WhiteElo "2185"]
[BlackElo "2390"]
[Annotator "ChessBase"]
[PlyCount "74"]
[EventDate "2021.10.21"]
[EventType "team-tourn"]
[EventCountry "SVK"]
[SourceTitle "playchess.com"]
[Source "ChessBase"]
[SourceQuality "1"]
[TimeControl "40/5400+30:1800+30"]

1. d4 d5 2. Nf3 c6 3. g3 Nf6 4. Bg2 Bg4 5. O-O Nbd7 6. Nbd2 e6 7. b3 a5 8. a4 Be7 9. Bb2 O-O 10. c4 Re8 11. Ne5 Nxe5 12. dxe5 Nd7 13. h3 Bh5 14. g4 Bg6 15. f4 Bc5+ 16. Kh1 Be3 17. cxd5 cxd5 18. Rf3 Ba7 19. f5 exf5 20. gxf5 Bh5 21. Rd3 Nxe5 22. Rxd5 Qc7 23. Ne4 Nc6 24. Bxg7 Rxe4 25. Bxe4 Qf4 26. Bg2 Re8 27. e3 Qh4 28. Qf1 Kxg7 29. f6+ Kh6 30. e4 Bb8 31. Qe1 Qxf6 32. Rf5 Qxf5 33. exf5 Rxe1+ 34. Rxe1 Bd6 35. Rc1 Ba3 36. Re1 Bb4 37. Rc1 Kg5 1/2-1/2

[Event "SVK ECo-C Extraliga 2021-22"]
[Site "Slovakia"]
[Date "2022.02.20"]
[Round "4.6"]
[White "Csonka Attila Istvan"]
[Black "Bombek Peter"]
[Result "1/2-1/2"]
[ECO "C07"]
[WhiteElo "2334"]
[BlackElo "2090"]
[Annotator "ChessBase"]
[PlyCount "60"]
[EventDate "2021.10.21"]
[EventType "team-tourn"]
[EventCountry "SVK"]
[SourceTitle "playchess.com"]
[Source "ChessBase"]
[SourceQuality "1"]
[TimeControl "40/5400+30:1800+30"]

1. e4 e6 2. d4 d5 3. Nd2 c5 4. Ngf3 Nc6 5. Bb5 cxd4 6. Nxd4 Bd7 7. Nxc6 Bxc6 8. Bxc6+ bxc6 9. c4 Nf6 10. O-O Be7 11. Qe2 O-O 12. b3 dxe4 13. Nxe4 Qd4 14. Nxf6+ Bxf6 15. Rb1 Rfd8 16. Be3 Qe4 17. Rbd1 a6 18. f3 Qe5 19. Qf2 Rxd1 20. Rxd1 Rd8 21. Rxd8+ Bxd8 22. Bd4 Qf5 23. Qe2 Qb1+ 24. Kf2 Bc7 25. Qb2 Qh1 26. Be5 Bb6+ 27. Bd4 Bc7 28. Be5 Bb6+ 29. Bd4 Bc7 30. Be5 Bb6+ 1/2-1/2

[Event "SVK ECo-C Extraliga 2021-22"]
[Site "Slovakia"]
[Date "2022.02.20"]
[Round "4.6"]
[White "Lanc, Alois"]
[Black "Straka, Jozef"]
[Result "0-1"]
[ECO "B15"]
[WhiteElo "2309"]
[BlackElo "2320"]
[Annotator "ChessBase"]
[PlyCount "72"]
[EventDate "2021.10.21"]
[EventType "team-tourn"]
[EventCountry "SVK"]
[SourceTitle "playchess.com"]
[Source "ChessBase"]
[SourceQuality "1"]
[TimeControl "40/5400+30:1800+30"]

1. e4 c6 2. d4 d5 3. Nc3 dxe4 4. Nxe4 Nf6 5. Nxf6+ exf6 6. c3 Bd6 7. Bd3 O-O 8. Qc2 Re8+ 9. Ne2 h5 10. Bd2 Nd7 11. O-O-O Nf8 12. Kb1 Be6 13. Ng3 g6 14. Ne4 b5 15. h3 Be7 16. f3 f5 17. Nf2 Qd5 18. b3 h4 19. Bc1 a5 20. Rde1 Bf6 21. Nd1 b4 22. Bb2 a4 23. Bc4 axb3 24. Bxb3 Qd6 25. cxb4 Qxb4 26. d5 cxd5 27. Bxf6 d4 28. Bxh4 d3 29. Qxd3 Qxh4 30. Re2 Reb8 31. Nb2 Bxb3 32. axb3 Ra3 33. Rc1 Raxb3 34. Rc3 R3b7 35. Qd6 Qa4 36. Rec2 Ra8 0-1

[Event "SVK ECo-C Extraliga 2021-22"]
[Site "Slovakia"]
[Date "2022.02.20"]
[Round "4.7"]
[White "Schwarz, Dusan"]
[Black "Danada, Tomas"]
[Result "1/2-1/2"]
[ECO "A30"]
[WhiteElo "2301"]
[BlackElo "2337"]
[Annotator "ChessBase"]
[PlyCount "58"]
[EventDate "2021.10.21"]
[EventType "team-tourn"]
[EventCountry "SVK"]
[SourceTitle "playchess.com"]
[Source "ChessBase"]
[SourceQuality "1"]
[TimeControl "40/5400+30:1800+30"]

1. Nf3 c5 2. c4 Nf6 3. Nc3 e6 4. g3 b6 5. Bg2 Bb7 6. O-O Be7 7. Re1 d5 8. cxd5 exd5 9. d4 Na6 10. b3 O-O 11. Bb2 Re8 12. Rc1 Bf8 13. e3 Qd7 14. Ne5 Qf5 15. g4 Qe6 16. h3 Nc7 17. Na4 Bd6 18. f4 cxd4 19. Bxd4 Nb5 20. Nc3 Nxc3 21. Bxc3 Ne4 22. Bd4 Rac8 23. Re2 Rxc1 24. Qxc1 f6 25. Nf3 Ba6 26. Rc2 Bd3 27. Rc6 Bb5 28. Rc2 Bd3 29. Rc6 Bb5 1/2-1/2

[Event "SVK ECo-C Extraliga 2021-22"]
[Site "Slovakia"]
[Date "2022.02.20"]
[Round "4.7"]
[White "Rucek Kristian"]
[Black "Finek Vaclav"]
[Result "0-1"]
[ECO "D99"]
[WhiteElo "2109"]
[BlackElo "2419"]
[Annotator "ChessBase"]
[PlyCount "76"]
[EventDate "2021.10.21"]
[EventType "team-tourn"]
[EventCountry "SVK"]
[SourceTitle "playchess.com"]
[Source "ChessBase"]
[SourceQuality "1"]
[TimeControl "40/5400+30:1800+30"]

1. d4 Nf6 2. c4 g6 3. Nc3 d5 4. Nf3 Bg7 5. Qb3 dxc4 6. Qxc4 O-O 7. e4 Nfd7 8. Be3 Nb6 9. Qb3 Bg4 10. Rd1 Nc6 11. d5 Ne5 12. Be2 Nxf3+ 13. gxf3 Bh5 14. Kf1 Qd6 15. Kg2 Be5 16. h4 a6 17. Rd3 Kh8 18. Bh6 Rg8 19. Bd1 g5 20. hxg5 Qxh6 21. f4 Bxf4 22. Rxh5 Rxg5+ 23. Rxg5 Qxg5+ 24. Kf1 Rg8 25. Bf3 Nd7 26. Ne2 Ne5 27. Rd1 Rg6 28. Nd4 b5 29. Qc3 Qf6 30. Ke2 Nc4 31. b3 Nd6 32. Qc2 Be5 33. Nc6 Rg5 34. Rh1 b4 35. Rh3 Nb5 36. Qd3 Rg1 37. Rh5 Nc3+ 38. Kd2 Bf4+ 0-1

[Event "SVK ECo-C Extraliga 2021-22"]
[Site "Slovakia"]
[Date "2022.02.20"]
[Round "4.8"]
[White "Farkas Gabor"]
[Black "Kovacik Emil"]
[Result "1-0"]
[ECO "C45"]
[WhiteElo "2337"]
[BlackElo "2039"]
[Annotator "ChessBase"]
[PlyCount "59"]
[EventDate "2021.10.21"]
[EventType "team-tourn"]
[EventCountry "SVK"]
[SourceTitle "playchess.com"]
[Source "ChessBase"]
[SourceQuality "1"]
[TimeControl "40/5400+30:1800+30"]

1. e4 e5 2. Nf3 Nc6 3. d4 exd4 4. Nxd4 Nf6 5. Nxc6 bxc6 6. Qe2 Qe7 7. Nc3 d5 8. exd5 cxd5 9. Nb5 Be6 10. Bf4 Qb4+ 11. Qd2 Qxd2+ 12. Kxd2 Ne4+ 13. Ke1 Bc5 14. Nxc7+ Ke7 15. Nxa8 Nxf2 16. b4 Bd4 17. c3 Bxc3+ 18. Kxf2 Bxa1 19. Nc7 Bc3 20. a3 Bd4+ 21. Be3 Be5 22. Bc5+ Kf6 23. Nxe6 fxe6 24. Bd3 Bb8 25. Rf1 e5 26. Kg3+ Kg5 27. Be3+ Kh5 28. Kh3 e4 29. Be2+ Kg6 30. Bg4 1-0

[Event "SVK ECo-C Extraliga 2021-22"]
[Site "Slovakia"]
[Date "2022.03.12"]
[Round "5.4"]
[White "Manik, Mikulas"]
[Black "Tropp, Lukas"]
[Result "1-0"]
[ECO "C63"]
[WhiteElo "2357"]
[BlackElo "2148"]
[Annotator "RC"]
[PlyCount "41"]
[EventDate "2021.10.21"]
[EventType "team-tourn"]
[EventCountry "SVK"]
[SourceTitle "playchess.com"]
[Source "ChessBase"]
[SourceQuality "1"]
[TimeControl "40/5400+30:1800+30"]

1. e4 e5 2. Nf3 Nc6 3. Bb5 f5 4. d3 fxe4 5. dxe4 Nf6 6. O-O Bc5 7. Bxc6 bxc6 8. Nxe5 O-O 9. Nc3 Re8 10. Bf4 d6 11. Nxc6 Qd7 12. e5 Qxc6 13. exf6 Bb7 14. Qg4 g6 15. Rad1 Kf7 16. Kh1 h5 17. Qg5 Re6 18. Nd5 Rh8 19. Ne7 Qe4 20. f3 Qxc2 21. Rd2 1-0

[Event "SVK ECo-C Extraliga 2021-22"]
[Site "Slovakia"]
[Date "2022.03.12"]
[Round "5.6"]
[White "Pacher, Milan"]
[Black "Zvarik, Martin"]
[Result "1-0"]
[ECO "C79"]
[WhiteElo "2387"]
[BlackElo "2227"]
[Annotator "RC"]
[PlyCount "111"]
[EventDate "2021.10.21"]
[EventType "team-tourn"]
[EventCountry "SVK"]
[SourceTitle "playchess.com"]
[Source "ChessBase"]
[SourceQuality "1"]
[TimeControl "40/5400+30:1800+30"]

1. e4 e5 2. Nf3 Nc6 3. Bb5 a6 4. Ba4 d6 5. O-O Nf6 6. d4 exd4 7. Nxd4 Bd7 8. Bxc6 bxc6 9. Re1 Be7 10. b3 O-O 11. Bb2 c5 12. Nf5 Bxf5 13. exf5 d5 14. Nd2 Re8 15. Qf3 c6 16. c4 Bf8 17. Rxe8 Nxe8 18. Re1 Ra7 19. Nf1 Re7 20. Rd1 Rd7 21. g4 Be7 22. Ne3 Bf6 23. Ba3 Bd4 24. cxd5 cxd5 25. Nc2 Be5 26. Bxc5 Bxh2+ 27. Kg2 Nf6 28. Bd4 Bc7 29. Bxf6 Qxf6 30. Rxd5 Rxd5 31. Qxd5 h5 32. Ne3 hxg4 33. Qa8+ Kh7 34. Qe4 Qg5 35. Qxg4 Qd8 36. Kf3 Kg8 37. Ke2 Be5 38. Qc4 Qf6 39. Qe4 Bd6 40. Qa8+ Bf8 41. a4 Qb6 42. b4 Qxb4 43. Qxa6 Bc5 44. Qb5 Qa3 45. a5 Kh7 46. a6 Qc3 47. Kf3 Qd4 48. Qc4 Qd6 49. Qd5 Qb6 50. Nc4 Qa7 51. Qb7 Bxf2 52. Qxa7 Bxa7 53. Ke4 g5 54. Ne5 Kg7 55. Nc6 Bb6 56. Kf3 1-0

[Event "SVK ECo-C Extraliga 2021-22"]
[Site "Slovakia"]
[Date "2022.03.12"]
[Round "5.7"]
[White "Kravec, Patrik"]
[Black "Macko, Michal"]
[Result "1/2-1/2"]
[ECO "A06"]
[WhiteElo "2140"]
[BlackElo "2161"]
[Annotator "ChessBase"]
[PlyCount "84"]
[EventDate "2021.10.21"]
[EventType "team-tourn"]
[EventCountry "SVK"]
[SourceTitle "playchess.com"]
[Source "ChessBase"]
[SourceQuality "1"]
[TimeControl "40/5400+30:1800+30"]

1. g3 d5 2. Nf3 Nf6 3. Bg2 e6 4. O-O c5 5. d3 Nc6 6. Nbd2 Be7 7. e4 Qc7 8. Re1 b6 9. Nf1 Bb7 10. e5 Nd7 11. Bf4 h6 12. h4 O-O-O 13. Ne3 Rdg8 14. Nxd5 exd5 15. e6 Bd6 16. exd7+ Qxd7 17. Bxd6 Qxd6 18. d4 g5 19. h5 Re8 20. c3 Kb8 21. Qd2 Bc8 22. Ne5 Nxe5 23. dxe5 Rxe5 24. Rxe5 Qxe5 25. Re1 Qd6 26. Qxd5 Qxd5 27. Bxd5 f5 28. Re7 Rd8 29. c4 b5 30. b3 Rd6 31. Rg7 Bd7 32. f4 g4 33. Kf2 b4 34. Rg6 Kc7 35. Rxd6 Kxd6 36. Bf7 a5 37. Ke3 a4 38. Kd2 a3 39. Kc2 Bc6 40. Kc1 Be4 41. Be8 Ke7 42. Bg6 Kf6 1/2-1/2

[Event "SVK ECo-C Extraliga 2021-22"]
[Site "Slovakia"]
[Date "2022.03.12"]
[Round "5.8"]
[White "Tropp, Oliver"]
[Black "Pcola, Jaroslav"]
[Result "1-0"]
[ECO "B36"]
[WhiteElo "2070"]
[BlackElo "2041"]
[Annotator "ChessBase"]
[PlyCount "33"]
[EventDate "2021.10.21"]
[EventType "team-tourn"]
[EventCountry "SVK"]
[SourceTitle "playchess.com"]
[Source "ChessBase"]
[SourceQuality "1"]
[TimeControl "40/5400+30:1800+30"]

1. c4 Nf6 2. Nc3 c5 3. Nf3 Nc6 4. d4 cxd4 5. Nxd4 Nxd4 6. Qxd4 g6 7. e4 d6 8. Bg5 Bg7 9. Be2 O-O 10. Qd2 Qa5 11. O-O Be6 12. Rac1 Rfc8 13. b3 Qd8 14. f4 Qf8 15. f5 Bd7 16. e5 Ne8 17. f6 1-0

[Event "SVK ECo-C Extraliga 2021-22"]
[Site "Slovakia"]
[Date "2022.03.12"]
[Round "5.8"]
[White "Hecko, Dusan"]
[Black "Bombek, Peter"]
[Result "1-0"]
[ECO "A13"]
[WhiteElo "2030"]
[BlackElo "2090"]
[Annotator "ChessBase"]
[PlyCount "161"]
[EventDate "2021.10.21"]
[EventType "team-tourn"]
[EventCountry "SVK"]
[SourceTitle "playchess.com"]
[Source "ChessBase"]
[SourceQuality "1"]
[TimeControl "40/5400+30:1800+30"]

1. c4 e6 2. Nc3 d5 3. e3 c5 4. d4 Nf6 5. Nf3 Nc6 6. Be2 a6 7. O-O dxc4 8. dxc5 Qxd1 9. Rxd1 Bxc5 10. Bxc4 b5 11. Be2 Bb7 12. b3 Ke7 13. Bb2 Rhd8 14. Kf1 Rd6 15. Rxd6 Bxd6 16. Rd1 Rc8 17. h3 h6 18. Ne1 Nd8 19. Rc1 g6 20. Bf3 Rc7 21. Bxb7 Nxb7 22. Nd3 Nc5 23. Nxc5 Bxc5 24. Ke2 Bb4 25. Kd3 Rd7+ 26. Ke2 Nd5 27. Nxd5+ Rxd5 28. Rc2 Kd6 29. Bg7 Ba5 30. Bxh6 Kd7 31. e4 Rh5 32. Be3 f5 33. Kd3 Bc7 34. f3 Rh4 35. Bf2 fxe4+ 36. fxe4 Rh5 37. Bd4 Bg3 38. Rc5 Rxc5 39. Bxc5 Kc6 40. Bd4 Kd6 41. Ke3 e5 42. Ba7 Ke6 43. Kf3 Be1 44. Kg4 Kf6 45. h4 Bd2 46. Bb6 Kg7 47. Bc7 Bc3 48. h5 Kh6 49. hxg6 Kxg6 50. Bb6 Bb2 51. Kf3 Bc1 52. Bd8 Kh5 53. Ba5 Bb2 54. Bd2 Bd4 55. a4 bxa4 56. bxa4 Bb2 57. Bb4 Ba1 58. Be7 Bb2 59. g4+ Kg6 60. Bh4 Bc1 61. Bg3 Bb2 62. Be1 Bd4 63. Bd2 Bc5 64. Ke2 Be7 65. Kd3 Kf6 66. Kc4 Ke6 67. Bh6 Ba3 68. Be3 Be7 69. g5 Ba3 70. Bb6 Bc1 71. Bd8 Ba3 72. g6 Bf8 73. Bg5 Ba3 74. Kd3 Bf8 75. Ke2 Bg7 76. Kf3 Bf6 77. Kg4 Bg7 78. Kh5 Bf8 79. Bh6 Be7 80. Bg7 Bb4 81. Bxe5 1-0

[Event "SVK ECo-C Extraliga 2021-22"]
[Site "Slovakia"]
[Date "2022.03.13"]
[Round "6.6"]
[White "Halak, Miklos"]
[Black "Varga, Zoltan"]
[Result "0-1"]
[ECO "B02"]
[WhiteElo "2251"]
[BlackElo "2390"]
[Annotator "RC"]
[PlyCount "106"]
[EventDate "2021.10.21"]
[EventType "team-tourn"]
[EventCountry "SVK"]
[SourceTitle "playchess.com"]
[Source "ChessBase"]
[SourceQuality "1"]
[TimeControl "40/5400+30:1800+30"]

1. e4 Nf6 2. Nc3 d5 3. e5 Nfd7 4. d4 c5 5. f4 cxd4 6. Nb5 Nc6 7. Nf3 Qa5+ 8. Qd2 Qb6 9. Nbxd4 Nc5 10. c3 Bg4 11. Nxc6 bxc6 12. Qf2 Ne4 13. Qxb6 axb6 14. Nd4 Bd7 15. Be3 e6 16. Nb3 c5 17. Nd2 f5 18. exf6 Nxf6 19. Be2 Bd6 20. O-O O-O 21. g3 Rfe8 22. Bf3 Ra4 23. a3 e5 24. fxe5 Bxe5 25. Rae1 Bb5 26. Be2 Bxe2 27. Rxe2 d4 28. Bf4 Bxf4 29. Rxe8+ Nxe8 30. Rxf4 dxc3 31. bxc3 Rxa3 32. Nc4 Rb3 33. Ne5 Nf6 34. Ra4 h6 35. Ra8+ Kh7 36. c4 Re3 37. Nf7 Re2 38. Rb8 Ng4 39. h4 Kg6 40. Nd6 Rb2 41. Rb7 h5 42. Ne8 Ne5 43. Rxg7+ Kh6 44. Re7 Nxc4 45. Re6+ Kh7 46. Re7+ Kg6 47. Rg7+ Kh6 48. Rg5 Nd2 49. Rg8 Nf3+ 50. Kf1 c4 51. Nf6 c3 52. g4 Nh2+ 53. Ke1 Nxg4 0-1

[Event "SVK ECo-C Extraliga 2021-22"]
[Site "Slovakia"]
[Date "2022.03.13"]
[Round "6.7"]
[White "Macko, Michal"]
[Black "Jurcisin, Imrich"]
[Result "1-0"]
[ECO "B01"]
[WhiteElo "2161"]
[BlackElo "2076"]
[Annotator "NA"]
[PlyCount "67"]
[EventDate "2021.10.21"]
[EventType "team-tourn"]
[EventCountry "SVK"]
[SourceTitle "playchess.com"]
[Source "ChessBase"]
[SourceQuality "1"]
[TimeControl "40/5400+30:1800+30"]

1. e4 d5 2. exd5 Nf6 3. d4 Nxd5 4. c4 Nb4 5. a3 N4c6 6. d5 Ne5 7. Bf4 Ng6 8. Be3 e5 9. Be2 Nd7 10. Nf3 Bd6 11. Nc3 O-O 12. b4 b6 13. O-O Nh4 14. Nxh4 Qxh4 15. f3 f5 16. Qd2 e4 17. f4 g5 18. g3 Qh3 19. Rf2 gxf4 20. gxf4 Rf6 21. Bf1 Rg6+ 22. Kh1 Qh4 23. Nb5 Nf6 24. c5 Nh5 25. Bg2 Ba6 26. cxd6 Bxb5 27. dxc7 Rh6 28. Kg1 Ng3 29. h3 Rd6 30. Bc5 bxc5 31. bxc5 Rd7 32. d6 Qf6 33. Qd5+ Qf7 34. Qxa8+ 1-0

[Event "SVK ECo-C Extraliga 2021-22"]
[Site "Slovakia"]
[Date "2022.03.13"]
[Round "6.8"]
[White "Veres, Andrej"]
[Black "Machata, Martin"]
[Result "1/2-1/2"]
[ECO "A48"]
[WhiteElo "2185"]
[BlackElo "2213"]
[Annotator "ChessBase"]
[PlyCount "43"]
[EventDate "2021.10.21"]
[EventType "team-tourn"]
[EventCountry "SVK"]
[SourceTitle "playchess.com"]
[Source "ChessBase"]
[SourceQuality "1"]
[TimeControl "40/5400+30:1800+30"]

1. d4 Nf6 2. Nf3 g6 3. c4 c5 4. d5 b5 5. cxb5 a6 6. b6 Qxb6 7. Nc3 d6 8. g3 Bg7 9. Bg2 a5 10. Nd2 Ba6 11. Rb1 Nbd7 12. b3 O-O 13. Qc2 Rfb8 14. O-O Ne5 15. Nc4 Nxc4 16. bxc4 Qc7 17. Nb5 Bxb5 18. Rxb5 Rxb5 19. cxb5 a4 20. Bg5 h6 21. Bxf6 Bxf6 22. Rb1 1/2-1/2